 Dungeon Crawl Stone Soup version 0.30-a0-310-g7d6cbdfea6 (webtiles) character file.

Game seed: 14961595861948614088

510 Powertoast the Carver (level 7, -2/50 HPs)
             Began as a Merfolk Gladiator on Oct 24, 2022.
             Was a Follower of Okawaru.
             Slain by Menkaure (8 damage)
             ... on level 4 of the Dungeon.
             The game lasted 00:11:50 (3232 turns).

Powertoast the Carver (Merfolk Gladiator)           Turns: 3232, Time: 00:11:51

Health: -2/50      AC:  8    Str: 14    XL:     7   Next: 19%
Magic:  5/7        EV: 16    Int:  7    God:    Okawaru [*.....]
Gold:   209        SH:  6    Dex: 18    Spells: 6/6 levels left

rFire   . . .      SeeInvis .    v - +3 dagger (venom)
rCold   . . .      Faith    .    q - +0 buckler
rNeg    . . .      Spirit   .    b - +0 leather armour
rPois   .          Reflect  .    o - +2 hat
rElec   .          Harm     .    h - +0 cloak
rCorr   .          Rampage  .    m - +0 pair of gloves
Will    .....                    (no boots)
Stlth   +++.......               (no amulet)
HPRegen 0.28/turn                (no ring)
MPRegen 0.10/turn                (no ring)

@: heroic, hasted, very quick
A: (nimble swimmer 2), mertail
a: Renounce Religion, Heroism


You were on level 4 of the Dungeon.
You worshipped Okawaru.
Okawaru was aware of your devotion.
You visited 1 branch of the dungeon, and saw 4 of its levels.
You also visited: Sewer.

You collected 209 gold pieces.

Inventory:

Hand Weapons
 a - a +0 long sword
 r - a +0 dagger of flaming
 v - a +3 dagger of venom (weapon)
Missiles
 d - 3 throwing nets
 e - a javelin
 p - 13 boomerangs (quivered)
 D - 2 curare-tipped darts
 E - 4 poisoned darts
Armour
 b - a +0 leather armour (worn)
 c - a +0 helmet
 h - a +0 cloak (worn)
 m - a +0 pair of gloves (worn)
 o - a +2 hat (worn)
 q - a +0 buckler (worn)
 t - a +0 chain mail
 u - a +0 scale mail
Scrolls
 g - 5 scrolls of teleportation {unknown}
 k - 2 scrolls of vulnerability {unknown}
 n - 4 scrolls of identify {unknown}
 s - 2 scrolls of summoning {unknown}
 y - a scroll of enchant armour {unknown}
 C - a scroll of brand weapon {unknown}
Potions
 f - 2 potions of curing {unknown}
 i - 2 potions of lignification {unknown}
 j - a potion of heal wounds {unknown}
 l - a potion of resistance {unknown}
 w - 2 potions of haste
 x - a potion of flight {unknown}
 z - a potion of brilliance {unknown}
 A - 2 potions of magic {unknown}
 B - a potion of ambrosia {unknown}
 F - a potion of berserk rage {unknown}


   Skills:
 - Level 2.1(7.1) Fighting
 + Level 9.6(14.6) Long Blades
 - Level 2.0(7.0) Throwing
 - Level 4.0(9.0) Dodging


You had 6 spell levels left.
You didn't know any spells.
Your spell library contained the following spells:

 Spells                   Type           Power      Damage    Failure   Level
 Sandblast                Erth           0%         2d4       58%         1
 Passwall                 Tmut/Erth      0%         N/A       73%         2
 Stone Arrow              Conj/Erth      0%         3d7       91%         3


Dungeon Overview and Level Annotations

Branches:
Dungeon (4/15)              Sewer (visited)
 Temple: D:4-7

Altars:
Elyvilon
Gozag
Makhleb
Okawaru

Shops:
D:3 =

Annotations:
D:4 Menkaure


Innate Abilities, Weirdness & Mutations

((You are very nimble when in or above water. (Stealth+, EV+, Speed+++)))
Your lower body shifts to a powerful aquatic tail in water.


Message History

The orc hits you with a +0 war axe. Menkaure closely misses you.
You are too injured to fight recklessly!
You are too injured to fight recklessly!
You gain the combat prowess of a mighty hero.
The orc misses you.
You hit Menkaure.
Menkaure is heavily damaged.
Menkaure barely misses you.
You hit Menkaure.
Menkaure is severely damaged.
The orc hits you with a +0 war axe.
You hit Menkaure but do no damage.
Menkaure is severely damaged.
You block Menkaure's attack.
You hit Menkaure.
Menkaure is severely damaged.
The orc hits you but does no damage.
You barely miss Menkaure.
Menkaure is severely damaged.
You block Menkaure's attack.
You hit Menkaure but do no damage.
Menkaure is severely damaged.
The orc completely misses you.
You hit Menkaure.
Menkaure is severely damaged.
The orc hits you with a +0 war axe.
You hit Menkaure.
Menkaure is almost destroyed.
Menkaure barely misses you.
You hit Menkaure but do no damage.
Menkaure is almost destroyed.
You block the orc's attack.
You completely miss the orc. Menkaure barely misses you.
You barely miss the orc. You block the orc's attack.
You closely miss the orc. Menkaure hits you.
* * * LOW HITPOINT WARNING * * *
You closely miss the orc. The orc hits you with a +0 war axe!
* * * LOW HITPOINT WARNING * * *
It was a potion of haste.
You feel yourself speed up. Menkaure hits you!
You die...

#...
#.............#
#.#.⌠.⌠.#.....#
#.............#
#.#.....#.....#
#...._........+..
..#.....#......#
..........###..##
..#.⌠.⌠.#..#.....
.........@.......
#.#.....#Mo......
...........#.....
..#.....+.#.....
+....# .. ....
#.... .......
#.... .#. ...
.... .##.


You could see Menkaure and an orc.

Vanquished Creatures
  3 kobold brigands (Sewer)
  Jessica (D:2)
  Natasha (thrice) (D:2)
  4 gnolls (D:2)
  5 adders
  A river rat (Sewer)
  2 worms
  A dart slug (D:2)
  6 orcs
  11 ball pythons
  8 endoplasms
  7 giant cockroaches
  8 goblins
  10 hobgoblins
  12 kobolds
  3 quokkas
  5 bats
  4 frilled lizards
  8 rats
102 creatures vanquished.

Notes
Turn   | Place    | Note
-------+----------+-------------------------------------------
     0 | D:1      | Powertoast the Merfolk Gladiator began the quest for the
                  | Orb.
     0 | D:1      | Reached XP level 1. HP: 16/16 MP: 1/1
    39 | D:1      | Reached skill level 4 in Long Blades
    54 | D:1      | Reached XP level 2. HP: 22/22 MP: 2/2
   254 | D:1      | Found an iron altar of Okawaru.
   262 | D:1      | Became a worshipper of Warmaster Okawaru
   283 | D:1      | You fall into a shaft and drop 1 floor!
   382 | D:2      | Reached XP level 3. HP: 27/27 MP: 3/3
   430 | D:2      | Noticed Natasha
   435 | D:2      | Killed Natasha
   436 | D:2      | Reached skill level 5 in Long Blades
   600 | D:2      | Reached XP level 4. HP: 16/33 MP: 4/4
   741 | D:2      | Noticed Natasha
   750 | D:2      | Killed Natasha
   751 | D:2      | Reached skill level 6 in Long Blades
   804 | D:2      | Reached XP level 5. HP: 22/38 MP: 5/5
  1046 | D:2      | Reached skill level 7 in Long Blades
  1092 | D:2      | Noticed Jessica
  1102 | D:2      | Killed Jessica
  1204 | D:2      | Noticed Natasha
  1214 | D:2      | Killed Natasha
  1697 | D:1      | Found a faded altar of an unknown god.
  1951 | D:3      | Found an opulent altar of Gozag.
  2086 | D:3      | Reached XP level 6. HP: 40/44 MP: 6/6
  2183 | D:3      | Found Xulippuv's Jewellery Emporium.
  2193 | D:3      | Found a glowing drain.
  2195 | D:3      | Reached skill level 8 in Long Blades
  2206 | Sewer    | Entered a sewer
  2386 | Sewer    | Reached * piety under Okawaru
  2411 | Sewer    | Reached skill level 9 in Long Blades
  2468 | Sewer    | Reached XP level 7. HP: 47/50 MP: 7/7
  3006 | D:3      | Found a burning altar of Makhleb.
  3008 | D:3      | Noticed a cacodemon
  3013 | D:3      | Noticed a hellwing
  3013 | D:3      | Noticed a ynoxinul
  3187 | D:4      | Found a white marble altar of Elyvilon.
  3203 | D:4      | Noticed Menkaure
  3232 | D:4      | Slain by Menkaure

Illustrated notes

Levels and vault maps discovered:
D:1:      dpeg_arrival_water_altar, layout_rooms,
          shapermc_ecumenical_altar_mp_urbaneastern, minmay_surrounded
D:2:      layout_loops_corners, skrybe_limestone_x, uniq_natasha, uniq_jessica
D:3:      layout_basic, makhleb_altar_promises_db, grunt_gozag_statues,
          serial_shops, nicolae_shop_crystal, cheibrodos_sewer_entry_bend
D:4:      layout_gridville, elyvilon_altar_5, minmay_temple_entry_tees,
          st_stairs_5, minmay_close_crescents, uniq_menkaure

Skill      XL: |  1  2  3  4  5  6 |
---------------+-------------------+-----
Long Blades    | 4 5 6 7 9 |  9.6
Fighting       | |  2.1
Throwing       | |  2.0
Dodging        | |  4.0

Action                   |  1- 3 |  4- 6 |  7- 9 || total
-------------------------+-------+-------+-------++-------
Melee: Long sword        |    70 |   113 |       ||   183
       Dagger            |       |    61 |    52 ||   113
       Tailslap          |       |       |     2 ||     2
Invok: Heroism           |       |       |     1 ||     1
  Use: Potion            |       |       |     1 ||     1
 Stab: Sleeping          |     1 |     4 |       ||     5
Armor: Leather armour    |    23 |    31 |     6 ||    60
Dodge: Dodged            |    44 |    95 |    26 ||   165
Block: Buckler           |       |    22 |    11 ||    33

Table legend: (Time is in decaauts)
 A = Elapsed time spent in this place.
 B = Non-inter-level travel time spent in this place.
 C = Inter-level travel time spent in this place.
 D = Time resting spent in this place.
 E = Time spent auto-exploring this place.
 F = Levels seen in this place.
 G = Mean time per level.
                   A        B        C        D        E       F      G
               +--------+--------+--------+--------+--------+-----+--------+
         Total |   3165 |   3086 |     79 |    133 |   1853 |   5 |  633.0 |
       Dungeon |   2857 |   2778 |     79 |    133 |   1695 |   4 |  714.2 |
         Sewer |    308 |    308 |      0 |      0 |    158 |   1 |  308.0 |
               +--------+--------+--------+--------+--------+-----+--------+

Top non-repeatable levels by time:
     D:2: 1202 daAuts
     D:3: 883 daAuts
     D:1: 680 daAuts
   Sewer: 308 daAuts
     D:4: 91 daAuts
